 Dungeon Sprint DCSS version 0.31.0-32-g396128a36d (webtiles) character file.

Game seed: 10608923655542873510

6228 Groucho the Imperceptible (level 10, -2/60 HPs)
             Began as a Felid Berserker on Apr 9, 2024.
             Was a Priest of Trog.
             Slain by a demonic crawler (8 damage)
             ... in the Dungeon (Sprint I: "Red Sonja").
             The game lasted 00:07:27 (1567 turns).

Groucho the Imperceptible (Felid Berserker)         Turns: 1567, Time: 00:07:27

Health: -2/60      AC:  2    Str: 13    XL:     10   Next: 61%
Magic:  0/11       EV: 33    Int: 11    God:    Trog [***...]
Gold:   1028       SH:  0    Dex: 26    Spells: 9/9 levels left
                                        Lives:  0   Deaths: 2

rFire   . .          .
                       - Unarmed
rCold   . . .        (shield unavailable)
rNeg    . . .        (body armour unavailable)
rPois   .            (helmet unavailable)
rElec   +            (cloak unavailable)
rCorr   +            (gloves unavailable)
SInv    +            (boots unavailable)
Will    +....        j - amulet "Ajecw" {Spirit Fly rElec rCorr Dex+6}
Stlth   +++++++++    (no ring)
HPRegen 0.30/turn    (no ring)
MPRegen 0.12/turn

%: no teleportation, guardian spirit
@: flying
A: very small, claws 1, fangs 3, see invisible, shaggy fur 2, stealthy paws, no
weapons or thrown items, no armour, multi-lived
a: Renounce Religion, Berserk, Trog's Hand


You were in the Dungeon.
You worshipped Trog.
Trog was most pleased with you.
You visited 1 branch You collected 1928 gold pieces.
You spent 900 gold pieces at shops.

Inventory:

Jewellery
 j - the amulet "Ajecw" (around neck) {Spirit Fly rElec rCorr Dex+6}
   (You bought it in a shop in the Dungeon)

   [amulet of guardian spirit]

   Spirit:    It causes incoming damage to be divided between your reserves of
   health and magic.
   Dex+6:     It affects your dexterity (+6).
   rElec:     It insulates you from electricity.
   Fly:       It grants you flight.
   rCorr:     It protects you from acid and corrosion.
 k - a ring of fire
Wands
 g - a wand of polymorph (1)
Scrolls
 f - a scroll of vulnerability
 h - a scroll of identify
Potions
 a - 3 potions of curing
 b - a potion of heal wounds
 c - a potion of haste
 d - 2 potions of magic
 e - a potion of berserk rage
 l - a potion of might {unknown}


   Skills:
 + Level 10.8 Fighting
 + Level 13.8 Dodging
 - Level 23.6 Stealth
 + Level 10.8 Unarmed Combat
 * Level 5.5 Shapeshifting


You had 9 spell levels left.
You didn't know any spells.
Your spell library was empty.

Dungeon Overview and Level Annotations

Branches:
Dungeon (1/1)

Altars:
Cheibriados
Dithmenos
Elyvilon
Fedhas
Gozag
Hepliaklqana
Kikubaaqudgha
Makhleb
Nemelex Xobeh
Okawaru
Qazlal
Ru
Sif Muna
Trog
Uskayaw
Vehumet
Wu Jian
Xom
Yredelemnul
Zin
The Shining One
Jiyva
Lugonu

Shops:
D [![=!=(=[*[[*=[[*


Innate Abilities, Weirdness & Mutations

You have sharp claws.
You have razor-sharp teeth.
You have supernaturally acute eyesight. (SInv)
You are covered in thick fur. (AC +2)
Your paws help you pounce on unaware monsters.
You are incapable of wielding weapons or throwing items.
You cannot wear armour.
You gain extra lives every three experience levels.


Message History

The demonic crawler completely misses you.
The demonic crawler misses you.
The demonic crawler completely misses you.
Unknown command.
Unknown command.
The demonic crawler attacks as it pursues you!
The demonic crawler completely misses you. x2
The demonic crawler hits you!
* * * LOW HITPOINT WARNING * * *
There is an open door, spattered with blood here.
Unknown command.
You swap places.
The demonic crawler hits your polar bear but does no damage. x2
The demonic crawler hits your polar bear.
Your polar bear bites the demonic crawler!
Your polar bear barely misses the demonic crawler.
Your polar bear claws the demonic crawler but does no damage.
The demonic crawler hits your polar bear!
The demonic crawler hits your polar bear but does no damage. x4
The demonic crawler completely misses your polar bear.
The demonic crawler hits your polar bear. x2
The demonic crawler hits your polar bear!
Your polar bear bites the demonic crawler but does no damage.
Your polar bear claws the demonic crawler but does no damage. x2
Unknown command.
Something hits your polar bear but does no damage.
Something hits your polar bear! x2
The demonic crawler hits your polar bear! x2
The demonic crawler hits your polar bear.
Your polar bear dies!
Your polar bear's corpse disappears in a puff of smoke!
There is an open door, spattered with blood here.
You see here the felid skeleton of Groucho.
As you read the scroll labelled XAOFEIHIOV, it crumbles to dust.
It is a scroll of identify.
f - a scroll of vulnerability The demonic crawler closely misses you.
The demonic crawler misses you.
The demonic crawler completely misses you. x3
The demonic crawler hits you!
You die...

##########################
#<.#.)'..#.)'..#__#..'...#
#..').#..'..#.sss.'.†#.s.#
#..#####'#####s#__####...'..#
#..####..#...#@####§.#####..+
#..#__####..##§#§§§§§#..# ##
#..#_____##'#§§§§§~§§'.§#
#⌠⌠#_.∩...'..._#~~§.)#..#
####_..__##_)#'##+#####'###
#_____###'#(#....###.'.#
############.####'###.###.#
#∩........'...'.)...'.∩##.#
###++++####.).###########§#


You could see 3 demonic crawlers.

Vanquished Creatures
  2 centaur warriors (D)
  Sonja (D)
  A deep troll (D)
  An oklob plant (D)
  2 unseen horrors (D)
  A kobold demonologist (D)
  A hornet (D)
  2 glass eyes (D)
  A slime creature (D)
  Sigmund (D)
  A yak (D)
  2 redbacks (D)
  An ogre (D)
  7 necrophages (D)
  8 jellies (D)
  Ijyb (D)
33 creatures vanquished.

Vanquished Creatures (collateral kills)
  A demonic crawler (D)
  A kobold demonologist (D)
2 creatures vanquished.

Vanquished Creatures (others)
  2 ballistomycete spores (D)
2 creatures vanquished.

Grand Total: 37 creatures vanquished

Notes
Turn   | Place    | Note
-------+----------+-------------------------------------------
     0 | D        | Groucho the Felid Berserker began the quest for the Orb.
     0 | D        | Reached XP level 1. HP: 12/12 MP: 2/2
     2 | D        | Noticed Ijyb
    10 | D        | Killed Ijyb
    11 | D        | Reached skill level 8 in Stealth
    11 | D        | Reached XP level 2. HP: 16/16 MP: 3/3
    58 | D        | Noticed an ogre
    66 | D        | Killed an ogre
    67 | D        | Reached skill level 12 in Stealth
    67 | D        | Reached XP level 3. HP: 20/20 MP: 4/4
    67 | D        | Reached XP level 4. HP: 24/24 MP: 5/5
    67 | D        | Gained a life (2 lives remaining)
   461 | D        | Noticed Sigmund
   463 | D        | Killed Sigmund
   463 | D        | Reached ** piety under Trog
   464 | D        | Reached skill level 16 in Stealth
   464 | D        | Reached XP level 5. HP: 28/28 MP: 6/6
   477 | D        | Found a shimmering blue altar of Sif Muna.
   478 | D        | Found an ornate altar of the Wu Jian Council.
   479 | D        | Found a radiant altar of Vehumet.
   484 | D        | Reached skill level 17 in Stealth
   484 | D        | Gained mutation: You are covered in thick fur. (AC +2)
                  | [Felid growth]
   484 | D        | Reached XP level 6. HP: 32/32 MP: 7/7
   485 | D        | Found Zogynes's Distillery.
   485 | D        | Found an ancient bone altar of Kikubaaqudgha.
   485 | D        | Found a hazy altar of Hepliaklqana.
   485 | D        | Found a stormy altar of Qazlal.
   485 | D        | Found a hide-covered altar of Uskayaw.
   485 | D        | Found a blossoming altar of Fedhas.
   485 | D        | Found a bloodstained altar of Trog.
   485 | D        | Found an iron altar of Okawaru.
   485 | D        | Found a basalt altar of Yredelemnul.
   485 | D        | Found a glowing golden altar of the Shining One.
   485 | D        | Found a snail-covered altar of Cheibriados.
   485 | D        | Found a sacrificial altar of Ru.
   485 | D        | Found a glowing silver altar of Zin.
   485 | D        | Found a shadowy altar of Dithmenos.
   485 | D        | Found a white marble altar of Elyvilon.
   485 | D        | Noticed a yak
   486 | D        | Found an opulent altar of Gozag.
   487 | D        | Killed a yak
   488 | D        | Reached skill level 19 in Stealth
   488 | D        | Found a sparkling altar of Nemelex Xobeh.
   526 | D        | Found a burning altar of Makhleb.
   526 | D        | Found a shimmering altar of Xom.
   526 | D        | Noticed a slime creature
   527 | D        | Found a viscous altar of Jiyva.
   527 | D        | Found a corrupted altar of Lugonu.
   529 | D        | Killed a slime creature
   530 | D        | Reached skill level 20 in Stealth
   530 | D        | Reached XP level 7. HP: 36/36 MP: 8/8
   550 | D        | Noticed a centaur warrior
   551 | D        | Noticed a centaur warrior
   552 | D        | Killed a centaur warrior
   552 | D        | Reached *** piety under Trog
   553 | D        | Reached skill level 5 in Fighting
   553 | D        | Reached skill level 21 in Stealth
   553 | D        | Reached skill level 5 in Unarmed Combat
   553 | D        | Reached XP level 8. HP: 44/44 MP: 9/9
   553 | D        | Killed a centaur warrior
   554 | D        | Reached skill level 22 in Stealth
   569 | D        | Noticed a hornet
   572 | D        | Killed a hornet
   573 | D        | Reached XP level 9. HP: 50/50 MP: 10/10
   582 | D        | Noticed an oklob plant
   584 | D        | Killed an oklob plant
   585 | D        | Reached skill level 10 in Dodging
   591 | D        | Reached **** piety under Trog
   595 | D        | Reached skill level 23 in Stealth
   626 | D        | Noticed an unseen horror
   627 | D        | Noticed an unseen horror
   633 | D        | Killed an unseen horror
   633 | D        | Reached ***** piety under Trog
   635 | D        | Killed an unseen horror
   677 | D        | Reached ****** piety under Trog
  1001 | D        | Reached XP level 10. HP: 58/58 MP: 11/11
  1009 | D        | Identified the +1 long sword of Charity {flame, Fly rPois
                  | Int-5 Dex-3}
  1029 | D        | Found Vuguofae's Jewellery Shoppe.
  1029 | D        | Found Peluseps's Antique Armour Shop.
  1029 | D        | Found Pung's Distillery.
  1031 | D        | Found Weclotea's Jewellery Emporium.
  1031 | D        | Found Kedupuosh's Antique Weapon Shop.
  1031 | D        | Found Kecorer's Jewellery Shoppe.
  1031 | D        | Found Liurchoamu's Armour Boutique.
  1031 | D        | Found Cig Jedo's Assorted Antiques.
  1031 | D        | Found Cipytor's Antique Armour Shop.
  1031 | D        | Found Estuloab's Armour Shoppe.
  1037 | D        | Found Duarr's Assorted Antiques.
  1042 | D        | Found Xiputt's Antique Armour Emporium.
  1042 | D        | Found Biutzo's Jewellery Boutique.
  1043 | D        | Found Tam Orghe's General Store.
  1051 | D        | Bought the amulet "Ajecw" {Spirit Fly rElec rCorr Dex+6}
                  | for 900 gold pieces
  1132 | D        | Noticed a deep troll
  1139 | D        | Killed a deep troll
  1151 | D        | Found Garirph's Armour Emporium.
  1192 | D        | Noticed Sonja
  1195 | D        | Killed Sonja
  1196 | D        | Reached skill level 10 in Fighting
  1196 | D        | Reached skill level 10 in Unarmed Combat
  1209 | D        | Found Vukhlien's Antique Armour Boutique.
  1330 | D        | Noticed an orange demon
  1334 | D        | Slain by an ice devil
  1334 | D        | Lost a life (1 life remaining)
  1337 | D        | Noticed a smoke demon
  1341 | D        | Mangled by an ice devil
  1341 | D        | Lost a life (0 lives remaining)
  1361 | D        | Noticed a sun demon
  1543 | D        | Noticed a demonic crawler
  1543 | D        | Noticed a demonic crawler
  1544 | D        | Noticed a demonic crawler
  1544 | D        | Noticed a demonic crawler
  1552 | D        | Killed a demonic crawler
  1553 | D        | Reached skill level 5 in Shapeshifting
  1567 | D        | Slain by a demonic crawler

Illustrated notes

Levels and vault maps discovered:
D:        dungeon_sprint_1 [red_sonja_temple_1, red_sonja_temple_small_1]

Skill      XL: |  1  2  3  4  5  6  7  8  9 10 |
---------------+-------------------------------+-----
Stealth        | 8 12 16 17 20 21 22 23 | 23.6
Fighting       | 5 7 9 10 | 10.8
Dodging        | 7 9 12 13 | 13.8
Unarmed Combat | 5 7 9 10 | 10.8
Shapeshifting  | 5 |  5.5

Action                     |  1- 3 |  4- 6 |  7- 9 | 10-12 || total
---------------------------+-------+-------+-------+-------++-------
  Melee: Unarmed           |    10 |     4 |    33 |    41 ||    88
         Punch             |     1 |       |     2 |     5 ||     8
         Bite              |       |       |     3 |     5 ||     8
 Invoke: Berserk           |     1 |       |     1 |     2 ||     4
         Brothers in Arms  |       |       |       |     6 ||     6
         Trog's Hand       |       |       |       |     2 ||     2
  Evoke: Wand              |       |       |       |     2 ||     2
    Use: Scroll            |       |       |     1 |     1 ||     2
         Potion            |       |       |       |     1 ||     1
   Stab: Sleeping          |     1 |     4 |    17 |     1 ||    23
 Armour: Skin              |     2 |       |     5 |    24 ||    31
  Dodge: Dodged            |     4 |       |    14 |   119 ||   137
